 Seeded DCSS version 0.27-a0-95-g5a9077b8ae (webtiles) character file.

Game seed: 10563511522262479431 (custom seed)

6944 tacoguy the Protected (level 10, -13/102 HPs)
             Began as a Minotaur Fighter on Jan 18, 2021.
             Was a High Priest of Okawaru.
             Mangled by a komodo dragon (19 damage)
             ... on level 9 of the Dungeon.
             The game lasted 00:26:43 (9932 turns).

tacoguy the Protected (Minotaur Fighter)            Turns: 9932, Time: 00:26:44

Health: -13/102    AC: 11    Str: 23    XL:     10   Next: 80%
Magic:  9/9        EV: 14    Int:  5    God:    Okawaru [*****.]
Gold:   114        SH: 12    Dex: 14    Spells: 9/9 levels left

rFire    . . .     SeeInvis .   t - +0 hand axe (elec)
rCold    + . .     Faith    .   c - +0 kite shield
rNeg     + . .     Spirit   .   b - +0 scale mail
rPois    +         Reflect  .   (helmet restricted)
rElec    .         Harm     .   (no cloak)
rCorr    .         Rampage  .   H - +0 pair of gloves {Dex+3}
Will     +....                  (no boots)
Stlth    ..........             (no amulet)
HPRegen  0.27/turn              a - ring of positive energy
MPRegen  0.11/turn              (no ring)

@: studying Armour
A: retaliatory headbutt, fangs 1, horns 2, cold resistance 1, strong-willed 1,
poison resistance, robust 1
a: Renounce Religion, Heroism, Finesse


You were on level 9 of the Dungeon.
You worshipped Okawaru.
Okawaru was extremely pleased with you.
You visited 2 branches of the dungeon, and saw 10 of its levels.

You collected 440 gold pieces.
You spent 326 gold pieces at shops.

Inventory:

Hand Weapons
 t - a +0 hand axe of electrocution (weapon)
Armour
 b - a +0 scale mail (worn)
 c - a +0 kite shield (worn)
 H - a +0 pair of gloves of dexterity (worn)
Jewellery
 a - a ring of positive energy (left hand)
Wands
 g - a wand of polymorph (12)
 s - a wand of paralysis (4)
 v - a wand of flame (12)
 y - a wand of acid (8)
 D - a wand of digging (5)
 G - a wand of random effects (22)
Scrolls
 f - 3 scrolls of identify
 k - 4 scrolls of blinking
 l - 2 scrolls of amnesia {unknown}
 n - 7 scrolls of remove curse
 p - a scroll of fear {unknown}
 q - a scroll of immolation {unknown}
 r - 3 scrolls of enchant weapon {unknown}
 u - 5 scrolls of teleportation
 x - a scroll of magic mapping {unknown}
 C - 2 scrolls of enchant armour {unknown}
 F - 2 scrolls of fog {unknown}
Potions
 d - a potion of might
 e - a potion of flight
 h - 5 potions of curing
 i - 3 potions of cancellation {unknown}
 j - 3 potions of brilliance {unknown}
 m - a potion of heal wounds
 o - a potion of lignification {unknown}
 w - 2 potions of berserk rage
 A - 2 potions of magic {unknown}
 B - 2 potions of invisibility {unknown}
 E - 2 potions of ambrosia {unknown}
Books
 z - a manual of Armour
Miscellaneous
 I - a phial of floods


   Skills:
 * Level 10.1 Fighting
 + Level 7.1 Axes
 * Level 12.6 Armour
 * Level 8.4 Dodging
 * Level 10.0 Shields


You had 9 spell levels left.
You didn't know any spells.
Your spell library contained the following spells:

 Spells                   Type           Power        Failure   Level
 Animate Skeleton         Necr           0%           90%         1
 Corona                   Hex            0%           90%         1
 Magic Dart               Conj           0%           90%         1
 Pain                     Necr           0%           90%         1
 Blink                    Tloc           N/A          97%         2
 Call Imp                 Summ           0%           97%         2
 Ensorcelled Hibernation  Hex/Ice        0%           97%         2
 Slow                     Hex            0%           97%         2
 Confusing Touch          Hex            0%           99%         3
 Conjure Flame            Conj/Fire      0%           99%         3
 Dazzling Flash           Conj/Hex       0%           99%         3
 Mephitic Cloud           Conj/Pois/Air  0%           99%         3
 Tukima's Dance           Hex            0%           99%         3
 Vampiric Draining        Necr           0%           99%         3
 Animate Dead             Necr           0%           100%        4
 Agony                    Necr           0%           100%        5


Dungeon Overview and Level Annotations

Branches:
Dungeon (9/15)             Temple (1/1) D:4            Lair (0/6) D:9
    Orc: D:9-12

Altars:
Ashenzari
Cheibriados
Dithmenos
Elyvilon
Fedhas
Gozag
Hepliaklqana
Kikubaaqudgha
Makhleb
Nemelex Xobeh
Okawaru
Qazlal
Ru
Sif Muna
Trog
Uskayaw
Vehumet
Wu Jian
Xom
Yredelemnul
Zin
The Shining One

Shops:
D:5 ?   D:8 [   D:9 *


Innate Abilities, Weirdness & Mutations

You reflexively headbutt those who attack you in melee.
You have a pair of horns on your head.
You have very sharp teeth.
Your flesh is cold resistant. (rC+)
You are strong-willed. (Will+)
Your system is resistant to poisons. (rPois)
You are robust. (+10% HP)


Message History

You hit the komodo dragon but do no damage.
Lightning courses through the komodo dragon!
You headbutt the komodo dragon, but do no damage.
The komodo dragon is almost dead.
The komodo dragon misses you. You furiously retaliate!
You headbutt the komodo dragon, but do no damage.
The electric eel shoots out a bolt of lightning at you!
The bolt of electricity hits you!
* * * LOW HITPOINT WARNING * * *
The komodo dragon bites you but does no damage.
Unknown command.
Your scale mail prevents you from hitting the komodo dragon.
The komodo dragon is almost dead.
The electric eel shoots out a bolt of lightning at you!
The bolt of electricity hits you!
* * * LOW HITPOINT WARNING * * *
You hit the komodo dragon but do no damage.
The komodo dragon is almost dead.
The komodo dragon bites you!!
You die...

≈.........≈≈≈≈.
...∩..∩....≈;≈.
........≈..≈≈≈.
≈≈≈≈≈≈≈≈≈≈.....
.≈≈≈≈≈≈≈.......
............#
......))....#
##### #.# .....
#@# #####
##l###.#
#......#
#.(##### #((#
#.(# #>.# #..#
#..#


You could see a komodo dragon and an electric eel.

Vanquished Creatures
  Pikel (D:5)
  A manticore (D:8)
  A freezing wraith (D:9)
  A polar bear (D:9)
  Sigmund (D:4)
  A yak (D:7)
  A steam dragon (D:9)
  Duvessa (D:6)
  3 orc warriors
  2 sky beasts
  2 phantoms
  7 ice beasts
  A wolf (D:9)
  5 ogres
  A necrophage (D:7)
  12 centaurs
  2 lemures (D:5)
  A big kobold (D:8)
  6 bullfrogs
  Dowan (D:6)
  2 scorpions
  A water moccasin zombie (D:9)
  6 killer bees (D:7)
  3 howler monkeys
  3 centaur skeletons
  2 hounds
  5 orc priests
  A gnoll shaman (D:9)
  7 orc wizards
  6 iguanas
  Natasha (thrice) (D:3)
  5 worker ants
  A bullfrog simulacrum (D:9)
  2 hound zombies
  A hound skeleton (D:7)
  6 gnolls
  A worker ant zombie (D:5)
  A howler monkey skeleton (D:6)
  7 adders
  2 hound simulacra (D:9)
  2 shadow imps (D:8)
  7 white imps
  An ufetubus (D:9)
  An ooze (D:1)
  2 adder skeletons
  4 worms
  2 dart slugs
  9 leopard geckos
  28 orcs
  8 giant cockroaches
  7 goblins
  5 hobgoblins
  13 jackals
  9 kobolds
  4 quokkas
  2 ball pythons
  8 bats
  7 frilled lizards
  A leopard gecko skeleton (D:5)
  A quokka skeleton (D:4)
  13 rats
250 creatures vanquished.

Vanquished Creatures (others)
  An ufetubus (D:9)
  10 plants
11 creatures vanquished.

Grand Total: 261 creatures vanquished

Notes
Turn   | Place    | Note
-------+----------+-------------------------------------------
     0 | D:1      | tacoguy the Minotaur Fighter began the quest for the Orb.
     0 | D:1      | Reached XP level 1. HP: 19/19 MP: 0/0
    49 | D:1      | Reached XP level 2. HP: 27/27 MP: 1/1
   170 | D:1      | Reached skill level 4 in Armour
   224 | D:1      | Reached XP level 3. HP: 33/33 MP: 2/2
   849 | D:2      | Reached skill level 1 in Dodging
   988 | D:2      | Found a blossoming altar of Fedhas.
  1239 | D:2      | Reached XP level 4. HP: 39/40 MP: 3/3
  1710 | D:3      | Noticed Natasha
  1720 | D:3      | Killed Natasha
  1731 | D:3      | Reached XP level 5. HP: 23/47 MP: 4/4
  1740 | D:3      | Noticed Natasha
  1746 | D:3      | Killed Natasha
  1992 | D:3      | Found a shimmering altar of Xom.
  2113 | D:3      | Found a shadowy altar of Dithmenos.
  2178 | D:3      | Paralysed by an orc for 3 turns
  2342 | D:3      | Found a glowing golden altar of the Shining One.
  2342 | D:3      | Found a white marble altar of Elyvilon.
  2343 | D:3      | Found a glowing silver altar of Zin.
  2409 | D:3      | Noticed Natasha
  2414 | D:3      | Killed Natasha
  2716 | D:4      | Reached skill level 5 in Armour
  2817 | D:4      | Found a staircase to the Ecumenical Temple.
  2831 | D:4      | Reached skill level 5 in Fighting
  2831 | D:4      | Reached skill level 5 in Shields
  2831 | D:4      | Reached XP level 6. HP: 56/56 MP: 5/5
  2838 | Temple   | Entered the Ecumenical Temple
  3033 | Temple   | Became a worshipper of Warmaster Okawaru
  3068 | D:4      | Noticed Sigmund
  3078 | D:4      | Killed Sigmund
  3434 | D:4      | Found a broken altar of Ashenzari.
  3434 | D:4      | Found a shimmering blue altar of Sif Muna.
  3435 | D:4      | Found an opulent altar of Gozag.
  3446 | D:4      | Reached * piety under Okawaru
  3447 | D:4      | Reached XP level 7. HP: 61/61 MP: 6/6
  3907 | D:4      | Reached skill level 6 in Armour
  4213 | D:4      | Gained mutation: You have very sharp teeth. [potion of
                  | mutation]
  4213 | D:4      | Gained mutation: Your system is resistant to poisons.
                  | (rPois) [potion of mutation]
  4213 | D:4      | Gained mutation: Your muscles are strong. (Str +2) [potion
                  | of mutation]
  4213 | D:4      | Gained mutation: You are strong-willed. (Will+) [potion of
                  | mutation]
  4214 | D:4      | Lost mutation: Your muscles are strong. (Str +2) [potion of
                  | mutation]
  4214 | D:4      | Lost mutation: You are strong-willed. (Will+) [potion of
                  | mutation]
  4214 | D:4      | Gained mutation: You possess an exceptional clarity of
                  | mind. [potion of mutation]
  4214 | D:4      | Gained mutation: Armour fits poorly on your strangely
                  | shaped body. [potion of mutation]
  4214 | D:4      | Gained mutation: Your flesh is cold resistant. (rC+)
                  | [potion of mutation]
  4215 | D:4      | Lost mutation: You possess an exceptional clarity of mind.
                  | [potion of mutation]
  4215 | D:4      | Lost mutation: Your flesh is cold resistant. (rC+) [potion
                  | of mutation]
  4215 | D:4      | Lost mutation: Armour fits poorly on your strangely shaped
                  | body. [potion of mutation]
  4215 | D:4      | Gained mutation: You are robust. (+10% HP) [potion of
                  | mutation]
  4215 | D:4      | Gained mutation: You are strong-willed. (Will+) [potion of
                  | mutation]
  4215 | D:4      | Gained mutation: Your flesh is cold resistant. (rC+)
                  | [potion of mutation]
  4311 | D:5      | Entered Level 5 of the Dungeon
  4311 | D:5      | Found Puil's Magic Scroll Emporium.
  4629 | D:5      | Reached XP level 8. HP: 60/78 MP: 7/7
  4633 | D:5      | Reached ** piety under Okawaru
  4638 | D:5      | Reached skill level 7 in Armour
  4940 | D:5      | Bought a scroll of teleportation for 45 gold pieces
  4940 | D:5      | Bought a scroll of teleportation for 45 gold pieces
  5354 | D:5      | Reached skill level 5 in Dodging
  5502 | D:5      | Found a sacrificial altar of Ru.
  5569 | D:5      | Noticed Pikel
  5585 | D:5      | Killed Pikel
  5586 | D:5      | Reached skill level 5 in Axes
  5586 | D:5      | Reached skill level 8 in Armour
  5590 | D:5      | Reached *** piety under Okawaru
  6096 | D:6      | Reached skill level 9 in Armour
  6105 | D:6      | Reached XP level 9. HP: 86/86 MP: 8/8
  6605 | D:6      | Noticed Duvessa
  6606 | D:6      | Noticed Dowan
  6613 | D:6      | Killed Duvessa
  6626 | D:6      | Killed Dowan
  6627 | D:6      | Reached skill level 10 in Armour
  6672 | D:6      | Reached **** piety under Okawaru
  7783 | D:7      | Reached skill level 11 in Armour
  7794 | D:7      | Reached XP level 10. HP: 93/99 MP: 9/9
  8079 | D:7      | Reached ***** piety under Okawaru
  8418 | D:8      | Noticed a manticore
  8428 | D:8      | Killed a manticore
  9053 | D:8      | Received a gift from Okawaru
  9058 | D:8      | Got a polished arbalest {god gift}
  9091 | D:8      | Found an ornate altar of the Wu Jian Council.
  9168 | D:8      | Found Siohim's Armour Boutique.
  9172 | D:8      | Bought a +0 pair of gloves for 49 gold pieces
  9230 | D:9      | Reached skill level 12 in Armour
  9264 | D:9      | Found Ulashrua's Assorted Antiques.
  9487 | D:9      | Bought a pair of embroidered gloves for 187 gold pieces
  9837 | D:9      | Found a staircase to the Lair.
  9915 | D:9      | Reached skill level 10 in Fighting
  9920 | D:9      | Reached skill level 10 in Shields
  9932 | D:9      | Mangled by a komodo dragon

Illustrated notes

Levels and vault maps discovered:
D:1:      lightli_arrival_flooded_house, layout_loops_ring, minmay_vboxes
D:2:      layout_basic, fedhas_ov_isle_minmay
D:3:      layout_loops_ring, good_gods_mini_temple, old_standard_altar,
          nicolae_dithmenos_shadow_blocks, uniq_natasha
D:4:      layout_cave_pods, gammafunk_temple_overflow_claw, temple_fountains,
          minmay_manual_mullet, uniq_sigmund
D:5:      layout_basic, nicolae_ru_path_of_blood, serial_shops, shop,
          serial_glass, glass_columns_a, glass_columns_c,
          chequers_decorated_corner, minmay_misc_feat_iff, uniq_pikel
D:6:      layout_basic, uniq_duvessa
D:7:      nzn_winding_woodlands_medium [nzn_winding_woodlands_5x5_perimeter,
          nzn_winding_woodlands_5x15_lazy_stream,
          nzn_winding_woodlands_5x5_checkerboard,
          nzn_winding_woodlands_5x5_open_star,
          nzn_winding_woodlands_center_lodge, nzn_winding_woodlands_5x5_default,
          nzn_winding_woodlands_5x5_three,
          nzn_winding_woodlands_5x15_split_checker,
          nzn_winding_woodlands_5x5_cross], layout_cave_pools
D:8:      layout_loops_ring, nzn_wu_jian_contemplation, serial_shops,
          nicolae_shop_window_shopping, kennysheep_generic_room_15
D:9:      layout_loops_ring, david_lair_shrubbed, serial_shops, shop,
          serial_ice, serial_ice_b, serial_ice_o, serial_ice_i, serial_ice_c
Temple:   minmay_temple_bridge_abc

Skill      XL: |  1  2  3  4  5  6  7  8  9 10 |
---------------+-------------------------------+-----
Fighting       | 4 5 6 7 8 10 | 10.1
Armour         | 4 5 6 9 11 12 | 12.6
Shields        | 4 5 6 7 8 10 | 10.0
Dodging        | 1 2 3 4 5 7 8 |  8.4
Axes           | 3 4 5 6 7 |  7.1

Action                   |  1- 3 |  4- 6 |  7- 9 | 10-12 || total
-------------------------+-------+-------+-------+-------++-------
Melee: War axe           |    87 |    72 |       |       ||   159
       Headbutt          |    14 |    16 |    43 |    40 ||   113
       Hand axe          |       |    46 |   249 |   178 ||   473
       Bite              |       |       |    18 |    18 ||    36
Invok: Heroism           |       |       |       |     1 ||     1
Evoke: Wand              |       |       |     2 |       ||     2
  Use: Potion            |       |     1 |     3 |     3 ||     7
       Scroll            |       |       |     9 |     1 ||    10
Armor: Scale mail        |    37 |    40 |    73 |    64 ||   214
Dodge: Dodged            |    25 |    34 |    96 |    91 ||   246
Block: Kite shield       |    54 |    70 |   137 |   109 ||   370

Table legend: (Time is in decaauts)
 A = Elapsed time spent in this place.
 B = Non-inter-level travel time spent in this place.
 C = Inter-level travel time spent in this place.
 D = Time resting spent in this place.
 E = Time spent auto-exploring this place.
 F = Levels seen in this place.
 G = Mean time per level.
                   A        B        C        D        E       F      G
               +--------+--------+--------+--------+--------+-----+--------+
         Total |  10071 |   9755 |    316 |   2775 |   5295 |  10 | 1007.1 |
       Dungeon |   9854 |   9558 |    296 |   2775 |   5124 |   9 | 1094.9 |
        Temple |    216 |    196 |     20 |      0 |    171 |   1 |  216.0 |
               +--------+--------+--------+--------+--------+-----+--------+

Top non-repeatable levels by time:
     D:4: 1719 daAuts
     D:5: 1501 daAuts
     D:6: 1221 daAuts
     D:3: 1088 daAuts
     D:7: 1064 daAuts
     D:2: 911 daAuts
     D:8: 853 daAuts
     D:1: 782 daAuts
     D:9: 713 daAuts
  Temple: 216 daAuts
